[Event "ICC tourney 2036 (15 5)"]
[Site "Internet Chess Club"]
[Date "2020.10.03"]
[Round "1"]
[White "hollydood"]
[Black "Cutecaptain"]
[Result "1-0"]
[ICCResult "Black checkmated"]
[WhiteElo "1479"]
[BlackElo "1313"]
[Opening "Bishop's opening: Berlin defense"]
[ECO "C24"]
[NIC "IG.04"]
[Time "12:10:11"]
[TimeControl "900+5"]

1. e4 e5 2. Bc4 Nf6 3. d3 Bb4+ 4. Bd2 Bxd2+ 5. Qxd2 Nc6 6. Nc3 d6 7. Nf3 h6
8. d4 exd4 9. Nxd4 Nxd4 10. Qxd4 c5 11. Qd3 O-O 12. O-O Bg4 13. Qg3 Qd7 14.
Nd5 Nxe4 15. Qf4 Rfe8 16. Rfe1 Bh5 17. Rxe4 Rxe4 18. Qxe4 Re8 19. Qd3 Bg6
20. Qd2 a6 21. Nb6 Qc6 22. Nd5 b5 23. Be2 Rxe2 24. Qxe2 Qxd5 25. Rd1 Qc6 26.
h3 Bh5 27. Qxh5 Kh7 28. Qf5+ g6 29. Qxf7+ Kh8 30. Re1 Qc8 31. Re8+ Qxe8 32.
Qxe8+ Kg7 33. Qd7+ Kg8 34. Kf1 Kf8 35. Ke2 d5 36. Kf3 d4 37. Ke4 g5 38. Kf5
c4 39. Kf6 d3 40. Qf7# {Black checkmated} 1-0

[Event "ICC tourney 2036 (15 5)"]
[Site "Internet Chess Club"]
[Date "2020.10.03"]
[Round "1"]
[White "Rosalina2013"]
[Black "smalugu"]
[Result "0-1"]
[ICCResult "White resigns"]
[WhiteElo "1313"]
[BlackElo "1479"]
[Opening "Three knights game"]
[ECO "C46"]
[NIC "KP.06"]
[Time "12:09:48"]
[TimeControl "900+5"]

1. e4 e5 2. Nf3 Nc6 3. Nc3 Bc5 4. Bc4 d6 5. d3 h6 6. Bd2 Bg4 7. O-O Nf6 8.
Be1 Nd4 9. h3 Nxf3+ 10. gxf3 Bxh3 11. Kh2 Bxf1 12. Bd2 Bxd3 13. cxd3 Bxf2
14. Kg2 Bd4 15. Kf1 Bxc3 16. Bxc3 O-O 17. d4 exd4 18. Bxd4 c5 19. Bc3 Nh5
20. Kf2 Qh4+ 21. Ke3 Qg5+ 22. Ke2 Qf4 23. Qg1 Qg5 24. Qf1 Ng3+ {White
resigns} 0-1

[Event "ICC tourney 2036 (15 5)"]
[Site "Internet Chess Club"]
[Date "2020.10.03"]
[Round "1"]
[White "loosehornet"]
[Black "ArushB"]
[Result "1-0"]
[ICCResult "Black checkmated"]
[WhiteElo "1479"]
[BlackElo "1313"]
[Opening "Two knights defense"]
[ECO "C57"]
[NIC "KP.01"]
[Time "12:09:51"]
[TimeControl "900+5"]

1. e4 e5 2. Nf3 Nc6 3. Bc4 Nf6 4. Ng5 Qe7 5. Bxf7+ Kd8 6. Bb3 d6 7. Nf7+ Ke8
8. Nxh8 Be6 9. Bxe6 Qxe6 10. O-O Nxe4 11. Qf3 Nf6 12. Nc3 d5 13. d3 Bb4 14.
Bd2 Kd7 15. Ng6 hxg6 16. a3 Bxc3 17. Bxc3 d4 18. Bb4 Rd8 19. c4 Kc8 20. Rab1
Nxb4 21. axb4 Nd7 22. c5 Qb3 23. Qg3 Qxb4 24. Qxg6 Qxc5 25. Qxg7 Qc6 26.
Rfc1 Qb5 27. b4 c6 28. h3 b6 29. h4 Qd5 30. h5 Qe6 31. h6 Nf8 32. h7 Ng6 33.
Rb2 a6 34. Rbc2 c5 35. bxc5 b5 36. c6 Re8 37. Qb7+ Kd8 38. c7+ Kd7 39. c8=Q+
Kd6 40. Qcc6# {Black checkmated} 1-0

[Event "ICC tourney 2036 (15 5)"]
[Site "Internet Chess Club"]
[Date "2020.10.03"]
[Round "1"]
[White "Bigbusyracecar"]
[Black "yesiwillbeatyou"]
[Result "0-1"]
[ICCResult "White checkmated"]
[WhiteElo "1313"]
[BlackElo "1479"]
[Opening "Sicilian defense"]
[ECO "B32"]
[NIC "SI.32"]
[Time "12:10:49"]
[TimeControl "900+5"]

1. e4 c5 2. Nf3 Nc6 3. d4 cxd4 4. Nxd4 Nxd4 5. Qxd4 Nf6 6. Nc3 g6 7. Be3 Bg7
8. Qd2 h6 9. Bc4 O-O 10. O-O-O d6 11. e5 dxe5 12. Qxd8 Rxd8 13. Rxd8+ Kh7
14. Rhd1 a6 15. f4 exf4 16. Bxf4 g5 17. Bg3 h5 18. Be5 Ng4 19. Bxg7 Kxg7 20.
Rf1 f6 21. h3 Ne5 22. Bb3 b6 23. Be6 Bb7 24. Rxa8 Bxa8 25. Rd1 Nc6 26. Bd5
Kg6 27. Bxc6 Bxc6 28. Rg1 f5 29. g4 hxg4 30. hxg4 fxg4 31. Rxg4 Kf5 32. Rg3
g4 33. Ne2 Bf3 34. Ng1 Kf4 35. Rxg4+ Kxg4 36. Kd2 Kf4 37. Ne2+ Bxe2 38. Kxe2
Ke4 39. Kd2 Kd5 40. Kd3 Kd6 41. Kd4 e5+ 42. Ke4 b5 43. Kd3 Kd5 44. Ke3 a5
45. Kd3 e4+ 46. Ke3 b4 47. b3 Ke5 48. Kd2 Kd4 49. Ke2 e3 50. Kd1 Ke4 51. Ke2
Kd4 52. Kd1 Kc3 53. Ke2 Kxc2 54. Kxe3 Kb2 55. Kd4 Kxa2 56. Kc4 Ka3 57. Kb5
Kxb3 58. Kxa5 Kc3 59. Ka4 b3 60. Ka3 Kc2 61. Kb4 b2 62. Kc4 b1=Q 63. Kd4 Qb3
64. Kc5 Qa4 65. Kd5 Qb4 66. Ke5 Qc4 67. Kf5 Qd4 68. Ke6 Qc5 69. Kf6 Qd5 70.
Ke7 Qc6 71. Kf7 Qd6 72. Kg7 Qe6 73. Kh7 Qf6 74. Kg8 Qe7 75. Kh8 Kd3 76. Kg8
Ke4 77. Kh8 Kf5 78. Kg8 Kg6 79. Kh8 Qg7# {White checkmated} 0-1

[Event "ICC tourney 2036 (15 5)"]
[Site "Internet Chess Club"]
[Date "2020.10.03"]
[Round "1"]
[White "NashtheFlash"]
[Black "Deng20"]
[Result "0-1"]
[ICCResult "White checkmated"]
[WhiteElo "1295"]
[BlackElo "1425"]
[Opening "Giuoco Piano"]
[ECO "C50"]
[NIC "IG.02"]
[Time "12:09:53"]
[TimeControl "900+5"]

1. e4 e5 2. Nf3 Nc6 3. Bc4 Bc5 4. O-O Nf6 5. Nc3 O-O 6. d3 h6 7. Be3 Bxe3 8.
fxe3 d6 9. Qe2 Bg4 10. d4 exd4 11. exd4 Nxd4 12. Qd3 Nxf3+ 13. gxf3 Bh3 14.
Rf2 Nh5 15. Nd5 Qg5+ 16. Kh1 c6 17. Nc7 Rac8 18. Nd5 cxd5 19. exd5 Nf4 20.
Qe4 Rfe8 21. Qd4 Re5 22. Qxa7 Rxc4 23. Qxb7 Re2 24. Rxe2 Nxe2 25. Re1 Qg2#
{White checkmated}
0-1

[Event "ICC tourney 2036 (15 5)"]
[Site "Internet Chess Club"]
[Date "2020.10.03"]
[Round "1"]
[White "buddyram"]
[Black "meawesome123"]
[Result "1-0"]
[ICCResult "Black checkmated"]
[WhiteElo "1450"]
[BlackElo "1089"]
[Opening "Giuoco Piano"]
[ECO "C50"]
[NIC "IG.02"]
[Time "12:10:11"]
[TimeControl "900+5"]

1. e4 e5 2. Nf3 Nc6 3. Bc4 Bc5 4. O-O Nf6 5. Nc3 O-O 6. d3 d6 7. h3 h6 8.
Be3 Bxe3 9. fxe3 Be6 10. Bb3 Bxb3 11. axb3 Qe7 12. Qe2 Rad8 13. d4 exd4 14.
exd4 Rfe8 15. d5 Ne5 16. Nxe5 Qxe5 17. Kh1 Nxe4 18. Nxe4 Qxe4 19. Qxe4 Rxe4
20. Rxa7 Rb8 21. Ra4 Rxa4 22. bxa4 c6 23. Rd1 c5 24. b4 b6 25. b5 Ra8 26.
Ra1 Kf8 27. c4 Ke7 28. Kg1 Kf6 29. Kf2 Ke5 30. Ke3 f5 31. g4 f4+ 32. Kf3 g5
33. Re1+ Kd4 34. Re4+ Kc3 35. Re6 Kxc4 36. Rxd6 Rxa4 37. Rxh6 Kxd5 38. Rxb6
Kc4 39. Rg6 Kxb5 40. Rxg5 Ra3+ 41. Kxf4 Kb4 42. h4 c4 43. h5 c3 44. Re5 c2
45. Re4+ Kb3 46. Re1 Kb2 47. h6 c1=Q+ 48. Rxc1 Kxc1 49. h7 Ra8 50. Kg5 Ra4
51. h8=Q Ra5+ 52. Kh6 Ra6+ 53. Kh7 Ra7+ 54. Qg7 Rxg7+ 55. Kxg7 Kd2 56. g5
Ke3 57. g6 Kf4 58. Kh8 Kg5 59. g7 Kg6 60. g8=Q+ Kh6 61. Qg7+ Kh5 62. Kh7 Kh4
63. Kg6 Kh3 64. Kf7 Kh4 65. Kf6 Kh3 66. Qg5 Kh2 67. Kf5 Kh3 68. Kf4 Kh2 69.
Kf3 Kh1 70. Qg2# {Black checkmated} 1-0

[Event "ICC tourney 2036 (15 5)"]
[Site "Internet Chess Club"]
[Date "2020.10.03"]
[Round "1"]
[White "RyanD"]
[Black "JoshuaGold"]
[Result "0-1"]
[ICCResult "White checkmated"]
[WhiteElo "1281"]
[BlackElo "1373"]
[Opening "French defense"]
[ECO "C00"]
[NIC "FR.01"]
[Time "12:10:33"]
[TimeControl "900+5"]

1. e4 e6 2. Bc4 Nf6 3. d3 Bb4+ 4. Nc3 O-O 5. Nf3 Nc6 6. O-O d6 7. Bg5 h6 8.
Be3 e5 9. Nb5 a6 10. Nc3 Bg4 11. Qe2 b5 12. Bd5 Ne7 13. Bxa8 Qxa8 14. d4
exd4 15. Bxd4 c5 16. Be3 Nxe4 17. Nxe4 Qxe4 18. Qd1 Nf5 19. Bc1 Rd8 20. Re1
Bxe1 21. Bd2 Bxd2 22. Qxd2 Nd4 23. Nxd4 cxd4 24. Qa5 Rc8 25. Qxa6 Rxc2 26.
Qxd6 Rxb2 27. Qd8+ Kh7 28. Rc1 Rxa2 29. h3 Bf5 30. g4 Be6 31. Rc7 Ra1+ 32.
Kh2 Rh1+ 33. Kg3 Rg1+ 34. Kh2 Qg2# {White checkmated} 0-1

[Event "ICC tourney 2036 (15 5)"]
[Site "Internet Chess Club"]
[Date "2020.10.03"]
[Round "1"]
[White "dany-rivera"]
[Black "agastyap"]
[Result "1-0"]
[ICCResult "Black resigns"]
[WhiteElo "1491"]
[BlackElo "1339"]
[Opening "Evans gambit"]
[ECO "C51"]
[NIC "IG.05"]
[Time "12:18:12"]
[TimeControl "900+5"]

1. e4 e5 2. Nf3 Nc6 3. Bc4 Bc5 4. b4 Bxb4 5. c3 Bc5 6. d4 exd4 7. O-O dxc3
8. Bxf7+ Kxf7 9. Qd5+ Ke8 10. Qxc5 Nf6 11. Re1 d6 12. Qxc3 Kf7 13. Qc4+ Be6
14. Qc3 Rf8 15. Ng5+ Ke7 16. Bf4 h6 17. Nf3 Kf7 18. h3 Kg8 19. Nh4 Nh5 20.
Be3 Qxh4 21. Rf1 Ne5 22. f3 Ng3 23. Re1 Nxf3+ 24. gxf3 Rxf3 25. Qd2 Qxh3 26.
Qg2 Qxg2+ 27. Kxg2 Bg4 28. Nd2 Rxe3 {Black resigns} 1-0

[Event "ICC tourney 2036 (15 5)"]
[Site "Internet Chess Club"]
[Date "2020.10.03"]
[Round "1"]
[White "spaceship314"]
[Black "Shenan"]
[Result "1-0"]
[ICCResult "Black checkmated"]
[WhiteElo "1238"]
[BlackElo "1245"]
[Opening "Alekhine's defense: Scandinavian variation"]
[ECO "B01"]
[NIC "VO.17"]
[Time "12:21:25"]
[TimeControl "900+5"]

1. e4 d5 2. Nc3 Nf6 3. f3 Nc6 4. d3 e6 5. Nge2 Bb4 6. Bf4 O-O 7. g3 e5 8.
Bg5 h6 9. Bxf6 gxf6 10. Bg2 Be6 11. O-O Qd6 12. Qd2 d4 13. a3 Bc5 14. b4 Bb6
15. Na4 Rfd8 16. Nxb6 cxb6 17. c3 dxc3 18. Qxc3 Qc7 19. Rad1 Rd5 20. exd5
Ne7 21. Qxc7 Nxd5 22. Qc3 Nxc3 23. Nxc3 Bb3 24. Rc1 Rc8 25. Ne2 Bd5 26.
Rxc8+ Kg7 27. f4 Be6 28. fxe5 Bxc8 29. Rxf6 Kg8 30. Nf4 Bd7 31. e6 Be8 32.
exf7+ Kg7 33. fxe8=Q Kxf6 34. Qe6+ Kg7 35. Qg6+ Kh8 36. Ne6 b5 37. Qg8+ Kxg8
38. Bd5 Kf7 39. Nc7+ Ke7 40. Nxb5 a6 41. Nc3 Kf6 42. Bxb7 a5 43. bxa5 Ke5
44. a6 Kd4 45. Nb5+ Kc5 46. Nc7 Kd6 47. Ne8+ Ke7 48. Ng7 Kf6 49. Nh5+ Kg5
50. g4 Kg6 51. a7 Kh7 52. a8=Q Kg6 53. Be4+ Kg5 54. Qg8+ Kh4 55. a4 Kh3 56.
a5 Kh4 57. a6 Kh3 58. a7 Kh4 59. a8=Q Kh3 60. Bg2+ Kh4 61. Qad8#
{Black checkmated}
1-0

[Event "ICC tourney 2036 (15 5)"]
[Site "Internet Chess Club"]
[Date "2020.10.03"]
[Round "2"]
[White "Deng20"]
[Black "loosehornet"]
[Result "1-0"]
[ICCResult "Black checkmated"]
[WhiteElo "1474"]
[BlackElo "1396"]
[Opening "Ruy Lopez: Berlin defense, open variation"]
[ECO "C67"]
[NIC "RL.07"]
[Time "13:06:47"]
[TimeControl "900+5"]

1. e4 e5 2. Nf3 Nc6 3. Bb5 Nf6 4. O-O Nxe4 5. Re1 Nd6 6. Bxc6 bxc6 7. Nxe5
Qf6 8. Ng4+ Be7 9. Nxf6+ gxf6 10. Nc3 f5 11. d4 O-O 12. Bh6 Re8 13. Qf3 Bb7
14. Qg3+ Bg5 15. Qxg5+ Kh8 16. Qg7# {Black checkmated} 1-0

[Event "ICC tourney 2036 (15 5)"]
[Site "Internet Chess Club"]
[Date "2020.10.03"]
[Round "2"]
[White "agastyap"]
[Black "Rosalina2013"]
[Result "1-0"]
[ICCResult "Black checkmated"]
[WhiteElo "1369"]
[BlackElo "1240"]
[Opening "Giuoco Pianissimo: Canal variation"]
[ECO "C47"]
[NIC "KP.06"]
[Time "13:07:08"]
[TimeControl "900+5"]

1. e4 e5 2. Nf3 Nc6 3. Nc3 Nf6 4. Bc4 Bc5 5. d3 d6 6. Bg5 Bg4 7. Nd5 O-O 8.
Nxf6+ Kh8 9. Bh6 Qe7 10. h3 Bh5 11. g4 Bg6 12. Bxg7+ Kxg7 13. Nh5+ Kh6 14.
Qd2+ Be3 15. Qxe3+ Qg5 16. Qxg5# {Black checkmated} 1-0

[Event "ICC tourney 2036 (15 5)"]
[Site "Internet Chess Club"]
[Date "2020.10.03"]
[Round "2"]
[White "meawesome123"]
[Black "spaceship314"]
[Result "1-0"]
[ICCResult "Black resigns"]
[WhiteElo "1140"]
[BlackElo "1159"]
[Opening "two knights defense: Fegatello attack"]
[ECO "C57"]
[NIC "KP.01"]
[Time "13:06:59"]
[TimeControl "900+5"]

1. e4 e5 2. Nf3 Nc6 3. Bc4 Nf6 4. Ng5 d5 5. exd5 Nxd5 6. Nxf7 Kxf7 7. Qf3+
Qf6 8. Qxf6+ gxf6 9. Bxd5+ Ke7 10. Bxc6 bxc6 11. O-O Bh6 12. Nc3 Be6 13. d3
Kd8 14. Bxh6 Rg8 15. g3 Rb8 16. b3 a5 17. Ne4 Rg6 18. Bd2 Bd5 19. Bxa5 Rb5
20. Bd2 Bxe4 21. dxe4 Rd5 22. exd5 {Black resigns} 1-0

[Event "ICC tourney 2036 (15 5)"]
[Site "Internet Chess Club"]
[Date "2020.10.03"]
[Round "2"]
[White "JoshuaGold"]
[Black "hollydood"]
[Result "0-1"]
[ICCResult "White checkmated"]
[WhiteElo "1335"]
[BlackElo "1526"]
[Opening "Caro-Kann defense"]
[ECO "B10"]
[NIC "CK.01"]
[Time "13:07:12"]
[TimeControl "900+5"]

1. e4 c6 2. Nf3 d5 3. exd5 cxd5 4. Bb5+ Bd7 5. Nd4 Bxb5 6. Nxb5 Nc6 7. O-O
Nf6 8. N1c3 e6 9. d3 a6 10. Bg5 axb5 11. Nxb5 h6 12. Bf4 Bd6 13. Bxd6 Ra5
14. Nc7+ Kd7 15. Nxe6 fxe6 16. Ba3 b5 17. b4 Rxa3 18. Qc1 Ra6 19. c4 bxc4
20. dxc4 Nxb4 21. cxd5 Nbxd5 22. Qc4 Rc6 23. Qb3 Ke8 24. Qb5 Qc7 25. Rfc1
Kd7 26. Rcb1 Nc3 27. Qb2 Nxb1 28. Qxb1 Rc8 29. Qd1+ Nd5 30. Qg4 Rc1+ 31.
Rxc1 Qxc1+ 32. Qd1 Qxd1# {White checkmated} 0-1

[Event "ICC tourney 2036 (15 5)"]
[Site "Internet Chess Club"]
[Date "2020.10.03"]
[Round "2"]
[White "ArushB"]
[Black "NashtheFlash"]
[Result "1-0"]
[ICCResult "Black checkmated"]
[WhiteElo "1370"]
[BlackElo "1230"]
[Opening "Giuoco Piano"]
[ECO "C50"]
[NIC "IG.02"]
[Time "13:08:08"]
[TimeControl "900+5"]

1. e4 e5 2. Nf3 Nc6 3. Bc4 Bc5 4. O-O Nf6 5. d3 O-O 6. Bg5 h6 7. Bxf6 Qxf6
8. Nc3 Qg6 9. Re1 d6 10. Kf1 Bg4 11. Nd5 Nd4 12. Re3 Nxf3 13. gxf3 Bxe3 14.
fxg4 Bd4 15. Qe2 c6 16. Nc3 Qf6 17. Nd1 Qe6 18. c3 Bc5 19. d4 exd4 20. cxd4
Bxd4 21. Qd3 c5 22. Bxe6 fxe6 23. Nc3 Rxf2+ 24. Ke1 Rxh2 25. Rc1 Rh1+ 26.
Kd2 Rf8 27. Rxh1 Rf2+ 28. Ke1 Rxb2 29. Rf1 b5 30. Rf2 Rb4 31. a3 Rb3 32. Rc2
Rxa3 33. Qd2 Ra1+ 34. Rc1 Rxc1+ 35. Qxc1 Bxc3+ 36. Qxc3 b4 37. Qc4 a5 38.
Qxe6+ Kf8 39. Qxd6+ Ke8 40. Qxc5 a4 41. Qxb4 a3 42. Qxa3 g6 43. Qa7 h5 44.
Kd2 h4 45. Qg1 h3 46. Qh2 g5 47. Qxh3 Ke7 48. Qh6 Kd7 49. Kd3 Ke7 50. Kc4
Kd7 51. Kd5 Kc7 52. Kc5 Kd7 53. e5 Ke7 54. Kc6 Kf7 55. e6+ Ke7 56. Qh7+ Ke8
57. Kc7 Kf8 58. Qd7 Kg8 59. Qe7 Kh8 60. Kd6 Kg8 61. Ke5 Kh8 62. Kf6 Kg8 63.
Kg6 Kh8 64. Qh7# {Black checkmated} 1-0

[Event "ICC tourney 2036 (15 5)"]
[Site "Internet Chess Club"]
[Date "2020.10.03"]
[Round "2"]
[White "Shenan"]
[Black "Cutecaptain"]
[Result "0-1"]
[ICCResult "White checkmated"]
[WhiteElo "1188"]
[BlackElo "1362"]
[Opening "Queen's pawn game"]
[ECO "D04"]
[NIC "QP.08"]
[Time "13:12:31"]
[TimeControl "900+5"]

1. d4 d5 2. e3 Nf6 3. Nf3 Nc6 4. Nc3 Bg4 5. h3 Bh5 6. e4 dxe4 7. Bg5 h6 8.
Bxf6 exf6 9. d5 Ne5 10. Nd4 Bb4 11. g4 Bg6 12. Kd2 Qxd5 13. Qf3 Qxd4+ 14.
Ke2 exf3+ 15. Ke1 Qe4+ 16. Kd2 Qxc2+ 17. Ke3 Bc5+ 18. Kf4 Qd2+ 19. Kg3 Qxf2+
20. Kf4 Qxb2 21. Na4 Qxa1 22. Bg2 Qxa2 23. Bf1 Bh7 24. Nxc5 g5+ 25. Kg3 f5
26. h4 fxg4 27. Rg1 gxh4+ 28. Kxh4 Qh2+ 29. Bh3 Qxh3# {White checkmated} 0-1

[Event "ICC tourney 2036 (15 5)"]
[Site "Internet Chess Club"]
[Date "2020.10.03"]
[Round "2"]
[White "smalugu"]
[Black "buddyram"]
[Result "1-0"]
[ICCResult "Black checkmated"]
[WhiteElo "1539"]
[BlackElo "1403"]
[Opening "Giuoco Piano: four knights variation"]
[ECO "C50"]
[NIC "IG.02"]
[Time "13:07:15"]
[TimeControl "900+5"]

1. e4 e5 2. Nf3 Nc6 3. Bc4 Bc5 4. Nc3 Nf6 5. d4 exd4 6. Nd5 Nxe4 7. Bf4 d6
8. O-O O-O 9. Qd3 Nf6 10. Ng5 g6 11. Nxf6+ Qxf6 12. Qf3 h6 13. Ne4 Qf5 14.
Bxh6 Qxf3 15. gxf3 Rd8 16. Nf6+ Kh8 17. Rfe1 Nb4 18. Re2 Bd7 19. Rae1 Bc6
20. Bxf7 d5 21. Bxg6 Rd6 22. Re7 Rxf6 23. Bg7+ Kg8 24. Bxf6 Rf8 25. Bh7#
{Black checkmated}
1-0

[Event "ICC tourney 2036 (15 5)"]
[Site "Internet Chess Club"]
[Date "2020.10.03"]
[Round "2"]
[White "mithu542"]
[Black "FGMAmaniRapid"]
[Result "0-1"]
[ICCResult "White checkmated"]
[WhiteElo "728"]
[BlackElo "122"]
[Opening "Giuoco Piano: Greco variation"]
[ECO "C54"]
[NIC "IG.02"]
[Time "13:06:56"]
[TimeControl "900+5"]

1. e4 e5 2. Nf3 Nc6 3. Bc4 Bc5 4. c3 Nf6 5. d4 exd4 6. cxd4 Bb4+ 7. Nc3 Nxe4
8. O-O Nxc3 9. Re1+ Ne7 10. Qb3 Nxa2 11. Rxa2 Bxe1 12. Nxe1 O-O 13. Bd3 Re8
14. Qc2 Nc6 15. Qd2 Nxd4 16. h3 Qe7 17. Qe3 h6 18. Qe6 Qxe6 19. Ra1 Ne2+ 20.
Kf1 Nxc1 21. Rxc1 Qe5 22. Nf3 Qxb2 23. Rd1 a5 24. Kg1 a4 25. Rb1 Qxb1+ 26.
Bxb1 a3 27. Ba2 b5 28. Bb3 a2 29. Bxa2 Rxa2 30. Kh1 Rxf2 31. Kh2 Rxf3 32.
gxf3 b4 33. Kg3 b3 34. Kg2 b2 35. Kf2 b1=Q 36. Kg2 Re2+ 37. Kg3 Qg1+ 38. Kf4
Qe3+ 39. Kg3 Qf2+ 40. Kf4 Qxf3+ 41. Kxf3 Re5 42. Kf4 Re6 43. Kf5 c5 44. Kf4
c4 45. Kf3 c3 46. Kf2 c2 47. Kg3 c1=Q 48. Kf3 Qf1+ 49. Kg3 Rg6+ 50. Kh4 Qg2
51. Kh5 Qg5# {White checkmated} 0-1

[Event "ICC tourney 2036 (15 5)"]
[Site "Internet Chess Club"]
[Date "2020.10.03"]
[Round "2"]
[White "yesiwillbeatyou"]
[Black "dany-rivera"]
[Result "1-0"]
[ICCResult "Black checkmated"]
[WhiteElo "1541"]
[BlackElo "1421"]
[Opening "Sicilian: closed"]
[ECO "B23"]
[NIC "SI.44"]
[Time "13:06:51"]
[TimeControl "900+5"]

1. e4 c5 2. Nc3 d6 3. f4 Nf6 4. Nf3 Bg4 5. Be2 Bxf3 6. Bxf3 e6 7. e5 dxe5 8.
fxe5 Nfd7 9. Qe2 Be7 10. d3 O-O 11. Be3 Qc7 12. Bf4 Re8 13. Nb5 Qb6 14. c4
a6 15. Nc3 h6 16. O-O-O Nc6 17. Bxc6 Qxc6 18. g3 Nb6 19. Kb1 Na4 20. Nxa4
Qxa4 21. b3 Qa3 22. Bc1 Qa5 23. Qb2 Qc7 24. Rhe1 Rad8 25. a3 Bg5 26. Bxg5
hxg5 27. d4 cxd4 28. Rxd4 Rxd4 29. Qxd4 Rd8 30. Qg4 Qe7 31. Kb2 Rd2+ 32. Kc3
Qd7 33. Re3 Rd1 34. Kb4 Qd2+ 35. Rc3 Rc1 36. Qf3 Rd1 37. Qxb7 Rc1 38. Qf3 g4
39. Qd3 Qe1 40. Qe3 Rd1 41. Ka4 Qxe3 42. Rxe3 Rd7 43. Ka5 Ra7 44. Kb6 Ra8
45. Kb7 Rf8 46. Kxa6 Ra8+ 47. Kb5 Rxa3 48. Kb4 Ra8 49. Kc3 Kf8 50. Rd3 Ke8
51. b4 Rd8 52. Rxd8+ Kxd8 53. b5 Kc7 54. Kb4 Kb6 55. c5+ Kc7 56. b6+ Kc6 57.
Kc4 Kb7 58. Kb5 Kb8 59. c6 Kc8 60. c7 Kb7 61. Kc5 Kc8 62. Kc6 f5 63. b7#
{Black checkmated}
1-0

[Event "ICC tourney 2036 (15 5)"]
[Site "Internet Chess Club"]
[Date "2020.10.03"]
[Round "2"]
[White "bunnygambit2"]
[Black "Bigbusyracecar"]
[Result "0-1"]
[ICCResult "White checkmated"]
[WhiteElo "879"]
[BlackElo "1303"]
[Opening "Nimzo-Indian: Sämisch variation"]
[ECO "E27"]
[NIC "NI.18"]
[Time "13:07:53"]
[TimeControl "900+5"]

1. d4 Nf6 2. c4 e6 3. Nc3 Bb4 4. a3 Bxc3+ 5. bxc3 O-O 6. Bf4 d5 7. cxd5 exd5
8. Nf3 Bf5 9. h3 Qd7 10. Ne5 Qe7 11. g4 Bg6 12. Bg3 Ne4 13. e3 Nxg3 14. fxg3
Be4 15. Rg1 f6 16. Nf3 Nc6 17. h4 h6 18. h5 Qd7 19. g5 fxg5 20. g4 Bxf3 21.
Qd3 Bxg4 22. Qg6 Bf5 23. Bd3 Bxg6 24. hxg6 Ne7 25. O-O-O Qe6 26. Rdf1 Nxg6
27. Rxf8+ Rxf8 28. Kd2 Rf2+ 29. Be2 Nh4 30. Re1 Nf3+ 31. Kd1 Nxe1 32. Kxe1
Qxe3 33. Kd1 Qxe2+ 34. Kc1 Qe1# {White checkmated} 0-1

[Event "ICC tourney 2036 (15 5)"]
[Site "Internet Chess Club"]
[Date "2020.10.03"]
[Round "3"]
[White "Bigbusyracecar"]
[Black "JoshuaGold"]
[Result "1-0"]
[ICCResult "Black checkmated"]
[WhiteElo "1358"]
[BlackElo "1288"]
[Opening "Two knights defense"]
[ECO "C57"]
[NIC "KP.01"]
[Time "14:05:48"]
[TimeControl "900+5"]

1. e4 e5 2. Nf3 Nc6 3. Bc4 Nf6 4. Ng5 Nxe4 5. Nxf7 Qe7 6. Nxh8 d6 7. Qf3 Nd4
8. Qxe4 Nxc2+ 9. Qxc2 Qf7 10. Bxf7+ Ke7 11. d3 Bf5 12. Qxc7+ Kf6 13. Qxb7
Bxd3 14. Qxa8 Bxb1 15. Rxb1 Be7 16. Qf3# {Black checkmated} 1-0

[Event "ICC tourney 2036 (15 5)"]
[Site "Internet Chess Club"]
[Date "2020.10.03"]
[Round "3"]
[White "loosehornet"]
[Black "spaceship314"]
[Result "1-0"]
[ICCResult "Black checkmated"]
[WhiteElo "1414"]
[BlackElo "1139"]
[Opening "Four knights game"]
[ECO "C47"]
[NIC "KP.06"]
[Time "14:05:30"]
[TimeControl "900+5"]

1. e4 e5 2. Nf3 Nc6 3. Nc3 Nf6 4. g3 Bc5 5. Bg2 O-O 6. O-O d6 7. d3 Be6 8.
Be3 Qd7 9. d4 exd4 10. Bxd4 Bxd4 11. Nxd4 Nxd4 12. Qxd4 c5 13. Qd2 Qc6 14.
e5 dxe5 15. Bxc6 bxc6 16. Qd6 Rfc8 17. Rfd1 Ne8 18. Qd3 Rd8 19. Qxd8 Rxd8
20. Rxd8 Kf8 21. Re1 Ke7 22. Rxe8+ Kxe8 23. Rxe5 Ke7 24. Rxc5 Kd6 25. Ra5 a6
26. Rxa6 Bc8 27. Ra7 Kc5 28. Rxf7 g6 29. Rxh7 Bf5 30. Rg7 Kd4 31. h4 Ke5 32.
f3 Kf6 33. Ra7 g5 34. g4 Be6 35. hxg5+ Kxg5 36. Rg7+ Kf6 37. Rc7 c5 38. Ne4+
Ke5 39. Rxc5+ Kd4 40. c3+ Kd3 41. Nf2+ Ke2 42. Re5+ Kd2 43. Rxe6 Kc2 44.
Re2+ Kc1 45. Nd3+ Kd1 46. Re1+ Kd2 47. g5 Kxd3 48. g6 Kd2 49. Re7 Kd3 50. g7
Kc4 51. g8=Q+ Kc5 52. Rd7 Kc6 53. Qc8+ Kb6 54. Rb7+ Ka6 55. Qa8#
{Black checkmated}
1-0

[Event "ICC tourney 2036 (15 5)"]
[Site "Internet Chess Club"]
[Date "2020.10.03"]
[Round "3"]
[White "Cutecaptain"]
[Black "meawesome123"]
[Result "0-1"]
[ICCResult "White checkmated"]
[WhiteElo "1268"]
[BlackElo "1186"]
[Opening "Four knights: Spanish, classical defense"]
[ECO "C48"]
[NIC "KP.03"]
[Time "14:05:58"]
[TimeControl "900+5"]

1. e4 e5 2. Nf3 Nc6 3. Bb5 Nf6 4. Nc3 Bc5 5. h4 d6 6. O-O O-O 7. d3 Bg4 8.
h5 Bxh5 9. Bg5 Nd4 10. Nxd4 Bxd1 11. Raxd1 exd4 12. Nd5 c6 13. Nxf6+ gxf6
14. Bh6 cxb5 15. Bxf8 Kxf8 16. c4 bxc4 17. dxc4 Qa5 18. a3 b5 19. b4 Qb6 20.
bxc5 dxc5 21. cxb5 Qxb5 22. Rb1 Qd3 23. Rfe1 Qxa3 24. Rb7 Qa6 25. Rc7 Rc8
26. Rd7 Ke8 27. Rd5 Qa5 28. e5 Qxe1+ 29. Kh2 Qxe5+ 30. Rxe5+ fxe5 31. f3 c4
32. g3 c3 33. f4 exf4 34. gxf4 c2 35. f5 c1=Q 36. Kg2 Rc3 37. Kf2 Qd2+ 38.
Kf1 Rc1# {White checkmated} 0-1

[Event "ICC tourney 2036 (15 5)"]
[Site "Internet Chess Club"]
[Date "2020.10.03"]
[Round "3"]
[White "buddyram"]
[Black "mithu542"]
[Result "1-0"]
[ICCResult "Black checkmated"]
[WhiteElo "1361"]
[BlackElo "731"]
[Opening "Sicilian defense"]
[ECO "B34"]
[NIC "SI.33"]
[Time "14:06:25"]
[TimeControl "900+5"]

1. e4 c5 2. Nf3 Nc6 3. d4 cxd4 4. Nxd4 g6 5. b3 Bg7 6. Bb2 e6 7. Nxc6 dxc6
8. Qxd8+ Kxd8 9. Bxg7 Ne7 10. Bxh8 Bd7 11. Bf6 Ke8 12. Bxe7 Kxe7 13. Nc3 Kd8
14. Rd1 Kc7 15. Bc4 Rd8 16. O-O Kc8 17. Rd2 b5 18. Be2 Be8 19. Rxd8+ Kxd8
20. Rd1+ Kc8 21. a4 Bd7 22. axb5 c5 23. b6 a5 24. Ba6+ Kd8 25. b7 Kc7 26.
Rxd7+ Kxd7 27. b8=Q Kc6 28. Qc8+ Kd6 29. Nb5+ Ke7 30. Qxc5+ Kd7 31. Qd6+ Ke8
32. Nc7# {Black checkmated} 1-0

[Event "ICC tourney 2036 (15 5)"]
[Site "Internet Chess Club"]
[Date "2020.10.03"]
[Round "3"]
[White "Rosalina2013"]
[Black "bunnygambit2"]
[Result "0-1"]
[ICCResult "White checkmated"]
[WhiteElo "1138"]
[BlackElo "973"]
[Opening "Giuoco Pianissimo: Canal variation"]
[ECO "C47"]
[NIC "KP.06"]
[Time "14:05:38"]
[TimeControl "900+5"]

1. e4 e5 2. Nf3 Nc6 3. Nc3 Nf6 4. Bc4 Bc5 5. d3 d6 6. Bg5 h6 7. h4 hxg5 8.
hxg5 Rxh1+ 9. Ke2 Rxd1 10. Rxd1 Ng4 11. Nb5 a6 12. Nxc7+ Qxc7 13. Re1 b5 14.
Bb3 Nb4 15. g6 fxg6 16. Ng5 Bxf2 17. Rd1 Qb6 18. Kd2 Qe3+ 19. Kc3 Qd4+ 20.
Kd2 Be3+ 21. Ke1 Bf2+ 22. Kd2 Bb7 23. Kc1 Be3+ 24. Kb1 Nf2 25. Re1 Bxg5 26.
Rg1 Rc8 27. Ka1 Rxc2 28. g3 Qxb2# {White checkmated} 0-1